 Dungeon Crawl Stone Soup version 0.29-a0-323-g050149af67 (webtiles) character file.

Game seed: 12125693382868180148

932 chopper the Covered (level 7, -21/62 HPs)
             Began as a Minotaur Fighter on Apr 10, 2022.
             Killed by an exploding shadow imp (31 damage)
             ... ignited by their inner flame
             ... on level 5 of the Dungeon on Apr 11, 2022.
             The game lasted 00:22:54 (3443 turns).

chopper the Covered (Minotaur Fighter)              Turns: 3443, Time: 00:22:55

Health: -21/62     AC: 10    Str: 24    XL:     7   Next: 86%
Magic:  6/6        EV: 11    Int:  8    God:
Gold:   234        SH:  0    Dex: 12    Spells: 6/6 levels left

rFire   . . .      SeeInvis .   q - +7 quarterstaff (chaos)
rCold   . . .      Faith    .   (shield currently unavailable)
rNeg    + . .      Spirit   .   m - +2 ring mail of the Tanner {rN+ Str+4 Int-3}
rPois   .          Reflect  .   (helmet restricted)
rElec   .          Harm     .   r - +0 cloak
rCorr   .          Rampage  .   e - +0 pair of gloves
Will    .....                   (no boots)
Stlth   +.........              (no amulet)
HPRegen 0.20/turn               B - +6 ring of intelligence
MPRegen 0.10/turn               (no ring)

@: no status effects
A: horns 2, retaliatory headbutt
a: no special abilities


You were on level 5 of the Dungeon.
You visited 1 branch of the dungeon, and saw 5 of its levels.

You collected 234 gold pieces.

Inventory:

Hand Weapons
 a - a +0 war axe
 o - the +7 dagger "Puhaefro" {spect, Int+4}
   (You found it on level 2 of the Dungeon)

   When its wielder attacks, the weapon's spirit leaps out and strikes again.
   The spirit shares a part of any damage it takes with its wielder.
   Int:       It affects your intelligence (+4).
 p - a +2 mace of protection
 q - a +7 quarterstaff of chaos (weapon)
 w - a +1 dagger of draining
 x - a +2 dagger of speed
 C - the +8 falchion of Bloodstone {speed, rF+ rC+ Will++}
   (You found it on level 4 of the Dungeon)

   Attacks with this weapon are significantly faster.
   rF:        It protects you from fire.
   rC:        It protects you from cold.
   Will:      It greatly increases your willpower.
Missiles
 s - 7 boomerangs (quivered)
Armour
 b - a +0 scale mail
 c - a +0 buckler
 e - a +0 pair of gloves (worn)
 m - the +2 ring mail of the Tanner (worn) {rN+ Str+4 Int-3}
   (You found it on level 2 of the Dungeon)

   Str:       It affects your strength (+4).
   Int:       It affects your intelligence (-3).
   rN:        It protects you from negative energy.
 r - a +0 cloak (worn)
 y - a +2 robe
 z - the +4 robe of Augmentation {Str+4 Int+4 Dex+4}
   (You found it on level 4 of the Dungeon)

   Str:       It affects your strength (+4).
   Int:       It affects your intelligence (+4).
   Dex:       It affects your dexterity (+4).
Jewellery
 f - a ring of wizardry
 u - an amulet of faith
 B - a +6 ring of intelligence (left hand)
Wands
 F - a wand of flame (14)
Scrolls
 g - a scroll of vulnerability
 j - 3 scrolls of teleportation
 n - 2 scrolls of fear {unknown}
 t - 2 scrolls of immolation
 A - a scroll of enchant armour {unknown}
 D - a scroll of noise {unknown}
 E - a scroll of amnesia {unknown}
Potions
 d - a potion of might
 h - 4 potions of mutation
 i - 3 potions of degeneration
 k - a potion of resistance {unknown}
 l - 3 potions of curing {unknown}
 v - a potion of brilliance {unknown}


   Skills:
 + Level 5.8 Fighting
 + Level 3.9(4.5) Axes
 + Level 3.3(5.3) Maces & Flails
 + Level 4.7(5.2) Staves
 + Level 6.3 Armour
 + Level 2.7 Dodging
 + Level 1.0 Stealth
 + Level 4.3 Shields


You had 6 spell levels left.
You didn't know any spells.
Your spell library contained the following spells:

 Spells                   Type           Power      Damage    Failure   Level
 Gell's Gravitas          Tloc           0%         N/A       88%         3
 Lesser Beckoning         Tloc           0%         N/A       88%         3
 Teleport Other           Tloc           0%         N/A       88%         3


Dungeon Overview and Level Annotations

Branches:
Dungeon (5/15)
 Temple: D:4-7

Altars:
Gozag


Innate Abilities, Weirdness & Mutations

You have a pair of horns on your head.
You reflexively headbutt those who attack you in melee.


Message History

t - 3 scrolls of immolation
l - 3 murky inky potions (gained 1)
Things that are here:
a +0 spear; a gnoll corpse
Items here: )))) [ †.
You see here a +0 club.
There is a stone staircase leading down here.
You climb downwards.
Found 2 scrolls of teleportation.
Found a stone staircase leading down.
There is a stone staircase leading up here.
Found a green potion.
The adder hisses angrily.
Found a stone staircase leading up.
A necrophage comes into view.
You see here a scroll of teleportation.
Found an escape hatch in the floor.
The shadow imp gestures at you. Pain shoots through your body!
You see here a scroll of teleportation.
As you read the scroll of immolation, it crumbles to dust.
The creatures around you are filled with an inner flame!
The adder closely misses you. x2
You bludgeon the adder!!
The adder explodes!
The fiery explosion engulfs you!!
You are engulfed in blazing flames.
Ouch! That really hurt!
* * * LOW HITPOINT WARNING * * *
You hear an angry hiss. x2; You hear a shout!
You hear an angry growl.
Unknown command.
The shadow imp closely misses you. You furiously retaliate!
You headbutt the shadow imp!
Flame seeps out of the shadow imp.
An adder comes into view.
The shadow imp is engulfed in blazing flames.
The shadow imp explodes!
The fiery explosion engulfs the necrophage!!
Flame seeps out of the necrophage.
The necrophage is almost destroyed.
The fiery explosion engulfs you!!
Ouch! That really hurt!
You die...

.. ###.. ## #....
######.#
.#....###..#...##.
...S..............
.......<..........
........n§§.....#
#.....§§§○§....#
#>....§§§§@....#
#.....§§§.....##
..................
.............##.#.
#.#..........# #
..........!..#
...##.#..<...# ##.
..#..#..## .
.#....#>..


You could see a necrophage (inner flame) and an adder.

Vanquished Creatures
  A black bear (D:4)
  An ogre (D:4)
  A phantom (D:4)
  Blork the orc (D:4)
  A scorpion (D:4)
  A necrophage (D:4)
  3 wights (D:4)
  A hound (D:4)
  A jelly (D:4)
  Crazy Yiuf (D:2)
  Jessica (D:3)
  Natasha (twice) (D:3)
  5 gnolls
  6 adders
  A shadow imp (D:5)
  A worm (D:2)
  4 dart slugs
  5 orcs (D:4)
  5 ball pythons
  5 endoplasms
  2 giant cockroaches
  5 hobgoblins
  3 jackals (D:2)
  5 quokkas
  6 bats
  7 goblins
  8 kobolds
  3 rats
86 creatures vanquished.

Notes
Turn   | Place    | Note
-------+----------+-------------------------------------------
     0 | D:1      | chopper the Minotaur Fighter began the quest for the Orb.
     0 | D:1      | Reached XP level 1. HP: 19/19 MP: 0/0
    69 | D:1      | Reached skill level 4 in Armour
    69 | D:1      | Reached XP level 2. HP: 23/27 MP: 1/1
   409 | D:1      | Reached XP level 3. HP: 33/33 MP: 2/2
   447 | D:1      | Found a faded altar of an unknown god.
   642 | D:2      | Identified the +2 ring mail of the Tanner {rN+ Str+4 Int-3}
   668 | D:2      | Identified the +7 dagger "Puhaefro" {spect, Int+4}
   772 | D:2      | Found a runed translucent door.
   773 | D:2      | Noticed Crazy Yiuf
   785 | D:2      | HP: 1/33 [Crazy Yiuf/+4 quarterstaff of chaos (8)]
   787 | D:2      | Killed Crazy Yiuf
  1181 | D:2      | Reached XP level 4. HP: 41/41 MP: 3/3
  1866 | D:3      | Found an opulent altar of Gozag.
  2039 | D:3      | Noticed Natasha
  2044 | D:3      | Killed Natasha
  2045 | D:3      | Reached skill level 1 in Maces & Flails
  2045 | D:3      | Reached XP level 5. HP: 47/47 MP: 4/4
  2080 | D:3      | Noticed Natasha
  2083 | D:3      | Noticed Jessica
  2084 | D:3      | Killed Natasha
  2093 | D:3      | Killed Jessica
  2094 | D:3      | Reached skill level 1 in Dodging
  2498 | D:4      | Reached skill level 5 in Armour
  2508 | D:4      | Noticed a black bear
  2517 | D:4      | Killed a black bear
  2518 | D:4      | Reached skill level 5 in Fighting
  2518 | D:4      | Reached skill level 1 in Staves
  2518 | D:4      | Reached XP level 6. HP: 43/56 MP: 5/5
  2671 | D:4      | Found the +4 robe of Augmentation {Str+4 Int+4 Dex+4}
  2736 | D:4      | Identified the +8 falchion of Bloodstone {speed, rF+ rC+
                  | Will++}
  2940 | D:4      | Reached XP level 7. HP: 40/61 MP: 6/6
  3274 | D:4      | Noticed Blork the orc
  3285 | D:4      | Reached skill level 6 in Armour
  3297 | D:4      | Killed Blork the orc
  3311 | D:4      | Reached skill level 1 in Stealth
  3433 | D:5      | Entered Level 5 of the Dungeon
  3443 | D:5      | Killed by an exploding shadow imp... ignited by their inner
                  | flame

Illustrated notes

Levels and vault maps discovered:
D:1:      amcnicky_arrival_flooded_fountain, layout_basic,
          ebering_ecumenical_altar_webs
D:2:      minmay_inner_zag, layout_basic, uniq_crazy_yiuf_cottage
D:3:      layout_basic, nicolae_gozag_cash_rules_everything_around_me,
          uniq_jessica, uniq_natasha
D:4:      minmay_diamond_boxcup, layout_rooms, dk_vineyard_2,
          minmay_tree_intersection, serial_park_tiny_1, uniq_blork_the_orc
D:5:      layout_cave_pools, minmay_temple_entry_ruins,
          chequers_serial_rivers_room_a, serial_bayou_pond_e,
          minmay_manual_monstrance

Skill      XL: |  1  2  3  4  5  6  7 |
---------------+----------------------+-----
Armour         | 4 5 6 |  6.3
Fighting       | 4 5 |  5.8
Shields        | 4 |  4.3
Axes           | 3 |  3.9
Maces & Flails | 1 2 3 |  3.3
Dodging        | 1 2 |  2.7
Staves         | 1 2 4 |  4.7
Stealth        | 1 |  1.0

Action                   |  1- 3 |  4- 6 |  7- 9 || total
-------------------------+-------+-------+-------++-------
Melee: War axe           |    34 |       |       ||    34
       Headbutt          |     8 |    10 |     4 ||    22
       Mace              |     8 |    20 |       ||    28
       Quarterstaff      |       |    43 |    33 ||    76
  Use: Scroll            |       |     7 |     3 ||    10
Armor: Scale mail        |    22 |       |       ||    22
       Ring mail         |     4 |    38 |    15 ||    57
Dodge: Dodged            |    31 |    55 |    25 ||   111
Block: Buckler           |    13 |     3 |       ||    16

Table legend: (Time is in decaauts)
 A = Elapsed time spent in this place.
 B = Non-inter-level travel time spent in this place.
 C = Inter-level travel time spent in this place.
 D = Time resting spent in this place.
 E = Time spent auto-exploring this place.
 F = Levels seen in this place.
 G = Mean time per level.
                   A        B        C        D        E       F      G
               +--------+--------+--------+--------+--------+-----+--------+
         Total |   3489 |   3489 |      0 |    521 |      0 |   5 |  697.8 |
       Dungeon |   3489 |   3489 |      0 |    521 |      0 |   5 |  697.8 |
               +--------+--------+--------+--------+--------+-----+--------+

Top non-repeatable levels by time:
     D:2: 1208 daAuts
     D:4: 948 daAuts
     D:3: 674 daAuts
     D:1: 648 daAuts
     D:5: 9 daAuts
